 Dungeon Crawl Stone Soup version 0.23.1 (webtiles) character file.

Game seed: 4718795743592683583

126 donio6 the Grave Robber (level 4, 0/30 HPs)
             Began as a Demonspawn Necromancer on Mar 6, 2019.
             Shot with an arrow by a centaur (13 damage)
             ... on level 3 of the Dungeon.
             The game lasted 00:15:48 (4199 turns).

donio6 the Grave Robber (Demonspawn Necromancer)    Turns: 4199, Time: 00:15:49

Health: 0/30       AC:  3    Str:  8    XL:     4   Next: 83%
Magic:  3/9        EV: 11    Int: 18    God:
Gold:   73         SH:  3    Dex: 13    Spells: 4/9 levels left

rFire    . . .     SeeInvis .   (no weapon)
rCold    . . .     Gourm    .   g - +0 buckler
rNeg     . . .     Faith    .   a - +1 robe
rPois    .         Spirit   .   (no helmet)
rElec    .         Reflect  .   (no cloak)
rCorr    .         Harm     .   (no gloves)
MR       .....                  (no boots)
Stlth    ++........             e - amulet of rage
HPRegen  0.10/turn              (no ring)
MPRegen  0.11/turn              (no ring)

@: no status effects
A: hooves 1, spiny 1
a: Evoke Berserk Rage


You were on level 3 of the Dungeon.
You were not hungry.

You visited 1 branch of the dungeon, and saw 3 of its levels.

You collected 73 gold pieces.

Inventory:

Armour
 a - a +1 robe (worn)
 g - a +0 buckler (worn)
 n - a +0 robe
Jewellery
 e - an amulet of rage (around neck)
Scrolls
 b - a scroll of enchant weapon
 d - a scroll of noise {unknown}
 f - a scroll of amnesia {unknown}
 j - a scroll of fog {unknown}
 k - 2 scrolls of remove curse
 l - 2 scrolls of identify {unknown}
 m - a scroll of blinking {unknown}
 o - a scroll of fear {unknown}
Potions
 h - a potion of resistance {unknown}
Comestibles
 c - 3 chunks of flesh
 i - a ration


   Skills:
 + Level 1.7 Dodging
 + Level 2.3 Stealth
 + Level 3.3 Spellcasting
 + Level 5.7 Necromancy


You had 4 spell levels left.
You knew the following spells:

 Your Spells              Type           Power        Failure   Level  Hunger
a - Pain                  Necr           ###.         2%          1    None
b - Animate Skeleton      Necr           N/A          2%          1    None
c - Vampiric Draining     Necr           ###.......   8%          3    ###....

Your spell library contained the following spells:

 Spells                   Type           Power        Failure   Level  Hunger
 Regeneration             Chrm/Necr      ##........   24%         3    ###....
 Animate Dead             Necr           N/A          26%         4    ####...


Dungeon Overview and Level Annotations

Branches:
Dungeon (3/15)

Altars:


Innate Abilities, Weirdness & Mutations

You have large cloven feet.
You are partially covered in sharp spines.


Message History

Casting: Pain (safe; 2% risk of failure)
Confirm with . or Enter, or press ? or * to list all spells.
Aiming: Pain (safe; 2% risk of failure)
Press: ? - help, Shift-Dir - straight line, f - frilled lizard
Aim: a frilled lizard (chance to defeat MR: 92%)
The frilled lizard writhes in agony.
You kill the frilled lizard!
Casting: Pain (safe; 2% risk of failure)
Confirm with . or Enter, or press ? or * to list all spells.
Aiming: Pain (safe; 2% risk of failure)
Press: ? - help, Shift-Dir - straight line, f - centaur
Aim: a centaur (chance to defeat MR: 83%)
The centaur writhes in agony.
The centaur wields a +0 shortbow.
The centaur shoots an arrow.
The arrow hits you.
The centaur shoots an arrow.
The arrow hits you.
You swap places.
The centaur shoots an arrow.
The arrow hits your adder skeleton.
You swap places.
The centaur shoots an arrow.
The arrow completely misses you.
The centaur shoots an arrow.
The arrow hits you!
You die...

....#.....#.#.#
............# .
..#.........#
..#.#.##....#
#.#. #..###
.#.#.##'##.###
#............#.
##.#.#.........
# #@........
##.#.#.Z...#.#.
........Z.......
............##..
............# .
............#
........†...#
........c...#
...........##


You could see a centaur, a friendly adder skeleton and a friendly goblin
skeleton.

Vanquished Creatures
  6 adders
  A worm (D:3)
  3 dart slugs
  2 leopard geckos (D:2)
  3 orcs (D:3)
  4 ball pythons (D:2)
  4 hobgoblins
  9 jackals
  A kobold (D:2)
  2 bats (D:2)
  4 frilled lizards
  8 goblins
  5 rats
52 creatures vanquished.

Vanquished Creatures (collateral kills)
  2 jackals (D:2)
  2 kobolds (D:3)
  A rat (D:3)
5 creatures vanquished.

Grand Total: 57 creatures vanquished

Notes
Turn   | Place    | Note
-------+----------+-------------------------------------------
     0 | D:1      | donio6 the Demonspawn Necromancer began the quest for the
                  | Orb.
     0 | D:1      | Reached XP level 1. HP: 13/13 MP: 3/3
    36 | D:1      | Learned a level 1 spell: Animate Skeleton
   467 | D:1      | Gained mutation: You are partially covered in sharp spines.
                  | [demonic ancestry]
   467 | D:1      | Reached XP level 2. HP: 14/19 MP: 0/5
  1233 | D:2      | Reached skill level 5 in Necromancy
  1233 | D:2      | Reached XP level 3. HP: 22/24 MP: 3/6
  1681 | D:2      | HP: 1/24 [worm (6)]
  2213 | D:2      | Learned a level 3 spell: Vampiric Draining
  2885 | D:2      | Gained mutation: You have large cloven feet. [demonic
                  | ancestry]
  2885 | D:2      | Reached XP level 4. HP: 30/30 MP: 4/8
  4193 | D:3      | Noticed a centaur
  4199 | D:3      | Shot with an arrow by a centaur

Skill      XL: |  1  2  3  4 |
---------------+-------------+-----
Necromancy     | 5 |  5.7
Spellcasting   | 3 |  3.3
Stealth        | 2 |  2.3
Dodging        | |  1.7

Action                   |  1- 3 |  4- 6 || total
-------------------------+-------+-------++-------
Melee: Unarmed           |     8 |     1 ||     9
 Cast: Pain              |    83 |    35 ||   118
       Animate Skeleton  |    12 |     9 ||    21
  Use: Scroll            |     2 |     2 ||     4
       Potion            |     1 |       ||     1
  Eat: Chunk             |     1 |       ||     1
       Ration            |     2 |     1 ||     3
Armor: Robe              |     4 |     1 ||     5
Dodge: Dodged            |    14 |     7 ||    21
Block: Buckler           |     4 |     4 ||     8
